 Dungeon Crawl Stone Soup version 0.17-a0-870-gcb215c1 (webtiles) character file.

707 RobertPalmer the Martial Artist (level 7, 0/32 HPs)
             Began as a Vine Stalker Transmuter on Apr 29, 2015.
             Killed from afar by Pikel (10 damage)
             ... with a wand of cold
             ... on level 4 of the Dungeon.
             The game lasted 00:06:54 (3488 turns).

RobertPalmer the Martial Artist (VSTm)              Turns: 3488, Time: 00:06:54

Health: 0/32       AC:  9    Str: 12    XL:     7   Next: 67%
Magic:  0/11       EV: 14    Int: 13    God:
Gold:   215        SH:  0    Dex: 17    Spells: 1 memorised, 9 levels left

rFire  + . .     SeeInvis .       - Unarmed
rCold  . . .     Clarity  .     j - +1 leather armour {rF+}
rNeg   . . .     SustAb   .     (no shield)
rPois  .         Gourm    .     (no helmet)
rElec  .         Spirit   +     t - +0 cloak
rCorr  .         Warding  .     i - +0 pair of gloves
rMut   .         Stasis   .     l - +1 pair of boots
MR     .....                    C - amulet of rage {+Rage, !d}
Stlth  +.........               (no ring)
                                e - +2 ring of evasion

@: about to teleport, not resistant to hostile enchantments, very unstealthy
A: fangs 2, regeneration 2, shaggy fur 1, magic shield, antimagic bite, no
device heal 3, rot immunity
a: Evoke Berserk Rage


You were on level 4 of the Dungeon.
You were not hungry.

You visited 1 branch of the dungeon, and saw 5 of its levels.

You collected 215 gold pieces.

Inventory:

Missiles
 a - 89 arrows
 x - 21 arrows of flame
Armour
 i - a +0 pair of gloves (worn)
   (You found it on level 4 of the Dungeon)
 j - a +1 leather armour of fire resistance (worn)
   (You found it on level 1 of the Dungeon)
 l - a +1 pair of boots (worn)
   (You found it on level 2 of the Dungeon)
 t - a +0 cloak (worn)
   (You found it on level 3 of the Dungeon)
Magical staves
 n - a cursed staff of death {unknown}
   (You found it on level 2 of the Dungeon)
Jewellery
 e - a +2 ring of evasion (left hand)
   (You found it on level 1 of the Dungeon)
 C - an amulet of rage (around neck) {+Rage, !d}
   (You found it on level 5 of the Dungeon)
Magical devices
 r - a wand of slowing (48)
   (You took it off an orc on level 3 of the Dungeon)
Scrolls
 k - 2 scrolls of amnesia
 p - a scroll of identify
 w - a scroll of recharging
 z - a scroll of remove curse
Potions
 b - a potion of cure mutation {unknown}
 f - a potion of curing {unknown}
 m - a potion of cancellation {unknown}
 o - a potion of haste {unknown}
 u - a potion of flight {unknown}
 v - a potion of lignification {unknown}
Books
 c - a book of Changes
Comestibles
 d - 2 bread rations {@e1}
 g - 5 fruits
 h - 3 meat rations {@e2}
 D - a beef jerky
 E - 3 chunks of flesh {@w0}


   Skills:
 - Level 0.8 Fighting
 - Level 1.5 Dodging
 + Level 8.8 Unarmed Combat
 - Level 2.1 Spellcasting
 - Level 2.0 Transmutations


You had 9 spell levels left.
You knew the following spells:

 Your Spells              Type           Power        Failure   Level  Hunger
a - Beastly Appendage     Trmt           #.....       14%         1    ##.....


Dungeon Overview and Level Annotations

Branches:
Dungeon (5/15)
 Temple: D:4-7

Altars:
Dithmenos
Elyvilon
Okawaru
Trog
Vehumet
Yredelemnul
The Shining One

Annotations:
D:4 Pikel


Innate Abilities, Weirdness & Mutations

You have extremely sharp teeth.
You heal very quickly.
You are covered in fur (AC +1).
When hurt, damage is shared between your health and your magic reserves.
Your bite disrupts and absorbs the magic of your enemies.
Potions and wands cannot restore your health.
You are immune to rotting.


Message History

The ogre misses you.
MP restored: 11 You punch the ogre!
Your bite misses the ogre. You hit the ogre but do no damage.
The ogre barely misses you.
Unknown command.
You punch the ogre! You punch the ogre!
You kill the ogre!
Things that are here:
a giant spiked club; an ogre corpse
Things that are here:
a giant spiked club; an ogre corpse You butcher the ogre corpse.
E - 3 chunks of flesh {@w0} You see here a giant spiked club.
Health restored: 32 You see here a scale mail.
Pikel shouts!
Pikel zaps a wand.
The bolt of cold hits you!
It is a wand of cold.
You take 1 damage, and have 31/32 hp.
You now have 10/11 mp.
Unknown command.
Unknown command.
Unknown command.
Unknown command.
Pikel zaps a wand.
The bolt of cold hits you!
You take 6 damage, and have 25/32 hp.
You now have 8/11 mp.
The slave shouts!
You hear a shout!
Pikel zaps a wand.
The bolt of cold hits you!
Ouch! That really hurt!
You take 15 damage, and have 10/32 hp.
MASSIVE DAMAGE!!
You now have 3/11 mp.
Read which item? (? for menu, Esc to quit)
Okay, then.
Unknown command.
Okay, then.
Read which item? (? for menu, Esc to quit)
As you read the scroll labeled XAT WAYJOE, it crumbles to dust.
You feel blessed for a moment.
It was a scroll of remove curse.
Read which item? (? for menu, Esc to quit)
Okay, then.
Unknown command.
Read which item? (? for menu, Esc to quit)
You can't read that!
Unknown command.
Read which item? (? for menu, Esc to quit)
As you read the scroll labeled JIALEI ZENTE, it crumbles to dust.
You feel momentarily disoriented.
It was a scroll of magic mapping.
Pikel zaps a wand.
The bolt of cold misses you.
Unknown command.
Unknown command.
Unknown command.
Read which item? (? for menu, Esc to quit)
As you read the scroll labeled KIABACWA QAKA, it crumbles to dust.
The scroll dissolves into smoke.
It was a scroll of fog.
Pikel zaps a wand.
The bolt of cold misses you.
Unknown command.
Unknown command.
Unknown command.
Unknown command.
Read which item? (? for menu, Esc to quit)
As you read the scroll labeled QIPAFU YHIPN, it crumbles to dust.
You hear a loud clanging noise!
It was a scroll of noise.
You hear a shout!
Read which item? (? for menu, Esc to quit)
As you read the scroll labeled QUIPTAS UMOBI, it crumbles to dust.
The dust glows pulsating purple!
It was a scroll of random uselessness.
Pikel zaps a wand.
The bolt of cold misses you.
Unknown command.
Unknown command.
Unknown command.
Drink which item? (? for menu, Esc to quit)
Okay, then.
Read which item? (? for menu, Esc to quit)
As you read the scroll labeled UHAEGUQEJI, it crumbles to dust.
You feel strangely unstable.
It was a scroll of teleportation.
Pikel misses you.
Unknown command.
Unknown command.
Unknown command.
You hit Pikel but do no damage. You bite Pikel, but do no damage.
Pikel completely misses you.
You punch Pikel!
Pikel zaps a wand.
The bolt of cold hits you!
* * * LOW HITPOINT WARNING * * *
You take 6 damage, and have 9/32 hp.
You now have 2/11 mp.
Unknown command.
You barely miss Pikel. You bite Pikel. You drain his power.
You feel invigorated.
Pikel zaps a wand.
The bolt of cold hits you!
You die...

#.##.# #..#.#..####.#######.#...<
#.##.# #..#.##.## #.# #.#..p[
#.##.###..#.##.[# #.# #.#....
#.........#.###.# #.# #...K..
####.###..#.# #.###.# ###.###
####.# #..#.# #..##.# #p# .....#
#..#.# ##.##.# #.# ###..###..#.#
#§##.# #######K# ..........#.#
#@§#.# #..K)...# .........##.#
##K#.# #p####### #.#.#.#..##.#
##p#.###.# .........##.#
#§§§.Kp..# ## #.#.#.#..##.#
#.....#### #. (........##.#
#.....###########.
#.#.#.#.....####.................
.........###..................##.
#.#.#.#..........#............##.


You could see Pikel and a slave.

Vanquished Creatures
  2 ogres (D:4)
  A phantom (D:4)
  A slave (D:3)
  A scorpion (D:4)
  Ijyb (D:2)
  Terence (D:3)
  A hound (D:4)
  5 worker ants
  7 adders
  5 oozes
  An adder skeleton (D:4)
  4 worms
  2 giant geckos
  2 orcs
  11 bats
  6 giant cockroaches
  14 goblins
  7 hobgoblins
  8 jackals
  10 kobolds
  A giant gecko skeleton (D:4)
  5 giant newts
  A quokka (D:2)
  A quokka skeleton (D:5)
  10 rats
108 creatures vanquished.

Notes
Turn   | Place    | Note
--------------------------------------------------------------
     0 | D:1      | RobertPalmer, the Vine Stalker Transmuter, began the quest for the Orb.
     0 | D:1      | Reached XP level 1. HP: 9/9 MP: 4/4
   178 | D:1      | Reached XP level 2. HP: 14/14 MP: 6/6
   321 | D:1      | Reached skill level 4 in Unarmed Combat
   359 | D:1      | Reached XP level 3. HP: 17/17 MP: 7/7
   613 | D:1      | You fall through a shaft!
   734 | D:2      | Found a bloodstained altar of Trog.
   897 | D:2      | Reached XP level 4. HP: 8/21 MP: 6/8
  1011 | D:2      | Found a basalt altar of Yredelemnul.
  1017 | D:2      | Found a radiant altar of Vehumet.
  1232 | D:2      | Found a shadowy altar of Dithmenos.
  1233 | D:2      | Found a white marble altar of Elyvilon.
  1265 | D:2      | Reached skill level 5 in Unarmed Combat
  1345 | D:3      | Noticed Ijyb
  1374 | D:2      | HP: 5/21 [poisoned by a kobold]
  1382 | D:2      | HP: 4/21 [poisoned by a kobold]
  1417 | D:2      | Killed Ijyb
  1468 | D:3      | Reached XP level 5. HP: 16/25 MP: 9/9
  2020 | D:3      | Found an iron altar of Okawaru.
  2025 | D:3      | Reached skill level 6 in Unarmed Combat
  2136 | D:3      | Noticed Terence
  2150 | D:3      | Killed Terence
  2385 | D:4      | Gained mutation: You heal very quickly. [Vine Stalker growth]
  2385 | D:4      | Reached XP level 6. HP: 26/29 MP: 10/10
  2478 | D:4      | Noticed a phantom
  2541 | D:4      | Reached skill level 7 in Unarmed Combat
  2543 | D:4      | Noticed an ogre
  2555 | D:4      | Killed an ogre
  2654 | D:4      | Killed a phantom
  2654 | D:4      | Reached skill level 8 in Unarmed Combat
  2654 | D:4      | Reached XP level 7. HP: 22/32 MP: 11/11
  2667 | D:4      | Noticed a slave
  2668 | D:4      | Noticed a slave
  2669 | D:4      | Noticed Pikel
  2669 | D:4      | Noticed a slave
  2671 | D:4      | Noticed a slave
  2723 | D:3      | Killed a slave
  3231 | D:4      | Found a glowing golden altar of the Shining One.
  3270 | D:5      | Entered Level 5 of the Dungeon
  3488 | D:4      | Killed from afar by Pikel

Action                   |  1- 3 |  4- 6 |  7- 9 || total
-------------------------+-------+-------+-------++-------
Melee: Unarmed           |   125 |   238 |    76 ||   439
  Use: Potion            |       |     1 |       ||     1
       Scroll            |       |     3 |     7 ||    10
  Eat: Chunk             |       |     5 |       ||     5
       Bread ration      |       |       |     1 ||     1

Vault maps used:
D:1:      lightli_arrival_flooded_house
D:2:      minitemple, amethyst_overflow_temple_binary, bloody_trog
D:3:      okawaru_metal_pillars_3, uniq_terence, uniq_iyjb
D:4:      lemuel_round_altar, first_bread, serial_glass, glass_columns_c,
          glass_columns_a, supply_closet_lemuel, uniq_pikel
D:5:      lemuel_coloured_pillars_altar

Table legend:
 A = Turns spent in this place as a percentage of turns spent in the entire game.
 B = Non-inter-level travel turns spent in this place as a percentage of non-inter-level travel turns spent in the entire game.
 C = Inter-level travel turns spent in this place as a percentage of turns spent in this place.
 D = Turns resting spent in this place as a percentage of non-inter-level travel turns spent in this place.
 E = Turns spent auto-exploring this place as a percentage of non-inter-level travel turns spent in this place.
 F = Non-inter-level travel turns spent in this place divided by the number of levels of this place that you've seen.
                   A       B       C       D       E      F
               +-------+-------+-------+-------+-------+----------------------
         Total | 100.0 | 100.0 |   0.5 |   1.0 |   9.5 | 306.0
       Dungeon | 100.0 | 100.0 |   0.5 |   1.0 |   9.5 | 306.0
               +-------+-------+-------+-------+-------+----------------------

Table legend:
 A = Kills in this place as a percentage of kills in entire the game.
 B = Kills by you in this place as a percentage of kills by you in the entire game.
 C = Kills by friends in this place as a percentage of kills by friends in the entire game.
 D = Other kills in this place as a percentage of other kills in the entire game.
 E = Experience gained in this place as a percentage of experience gained in the entire game.
 F = Experience gained in this place divided by the number of levels of this place that you have seen.
                   A       B       C       D       E      F
               +-------+-------+-------+-------+-------+----------------------
         Total | 100.0 | 100.0 |  -nan |  -nan | 100.0 | 202.2
       Dungeon | 100.0 | 100.0 |  -nan |  -nan | 100.0 | 202.2
               +-------+-------+-------+-------+-------+----------------------
